 Dungeon Crawl Stone Soup version 0.21.1-1-g345015f (webtiles) character file.

4296 Kairos the Chopper (level 10, -4/51 HPs)
             Began as a Vine Stalker Fighter on Apr 16, 2018.
             Was a Priest of Okawaru.
             Slain by an orc warrior
             ... wielding a +0 halberd
              (17 damage)
             ... on level 8 of the Dungeon.
             The game lasted 00:12:59 (6594 turns).

Kairos the Chopper (Vine Stalker Fighter)           Turns: 6594, Time: 00:12:59

Health: -4/51      AC: 10    Str: 20    XL:     10   Next: 32%
Magic:  0/11       EV: 11    Int: 10    God:    Okawaru [***...]
Gold:   451        SH: 10    Dex: 14    Spells: 9/9 levels left

rFire    + . .     SeeInvis .   I - +4 war axe
rCold    x . .     Gourm    +   c - +0 shield
rNeg     . . .     Faith    .   b - +0 scale mail
rPois    .         Spirit   +   t - +2 helmet
rElec    .         Reflect  .   (no cloak)
rCorr    .         Harm     .   (no gloves)
MR       +....                  (no boots)
Stlth    +.........             e - amulet of the gourmand
HPRegen  0.57/turn              D - ring of fire
MPRegen  0.12/turn              i - +2 ring of evasion

@: no status effects
A: fangs 3, regeneration 1, magic shield, antimagic bite, no potion heal 3, rot
immunity
a: Heroism, Renounce Religion


You were on level 8 of the Dungeon.
You worshipped Okawaru.
Okawaru was most pleased with you.
You were not hungry.

You visited 2 branches of the dungeon, and saw 9 of its levels.

You collected 451 gold pieces.

Inventory:

Hand Weapons
 a - a +0 war axe
 q - a +2 whip of venom
 z - a +0 hunting sling of velocity
 A - a +0 morningstar
 I - a +4 war axe (weapon)
 M - a +0 broad axe
Armour
 b - a +0 scale mail (worn)
 c - a +0 shield (worn)
 t - a +2 helmet (worn)
Jewellery
 e - an amulet of the gourmand (around neck)
 h - an uncursed ring of ice
 i - a +2 ring of evasion (right hand)
 D - a ring of fire (left hand)
Wands
 u - a wand of random effects (33)
 E - a wand of polymorph (7)
 K - a wand of acid (2)
Scrolls
 g - a scroll of acquirement {unknown}
 j - 2 scrolls of remove curse
 l - 2 scrolls of immolation {unknown}
 m - 7 scrolls of identify
 n - a scroll of enchant weapon {unknown}
 s - 2 scrolls of amnesia
 v - 3 scrolls of fear
 y - 3 scrolls of teleportation
 B - a scroll of magic mapping {unknown}
 C - a scroll of fog {unknown}
 H - a scroll of blinking {unknown}
Potions
 d - 2 potions of might
 k - a potion of cancellation
 o - a potion of heal wounds {unknown}
 p - 3 potions of agility
 r - 3 potions of flight {unknown}
 w - a potion of invisibility {unknown}
 x - a potion of mutation {unknown}
 F - a potion of brilliance {unknown}
 G - 2 potions of curing {unknown}
 J - a potion of degeneration {unknown}
Books
 L - a book of Necromancy

   Spells                             Type                      Level
   a - Pain                           Necromancy                   1
   b - Animate Skeleton               Necromancy                   1
   c - Vampiric Draining              Necromancy                   3
   d - Regeneration                   Charms/Necromancy            3
   e - Animate Dead                   Necromancy                   4
   f - Borgnjor's Vile Clutch         Necromancy/Earth             5
Comestibles
 f - 25 rations
 N - 3 chunks of flesh


   Skills:
 + Level 5.5 Fighting
 + Level 6.8(7.8) Axes
 + Level 5.5(7.1) Maces & Flails
 + Level 5.7 Armour
 + Level 3.0 Dodging
 + Level 1.7 Stealth
 + Level 6.4 Shields
 + Level 0.2 Evocations


You had 9 spell levels left.
You didn't know any spells.

Dungeon Overview and Level Annotations

Branches:
Dungeon (8/15)             Temple (1/1) D:6
   Lair: D:8-11

Altars:
Ashenzari
Cheibriados
Dithmenos
Fedhas
Gozag
Hepliaklqana
Makhleb
Nemelex Xobeh
Okawaru
Qazlal
Ru
Sif Muna
Trog
Vehumet
Wu Jian
Xom
The Shining One

Shops:
D:8 [


Innate Abilities, Weirdness & Mutations

You have razor-sharp teeth.
Your natural rate of healing is unusually fast.
When hurt, damage is shared between your health and your magic reserves.
Your bite disrupts and absorbs the magic of your enemies.
Potions cannot restore your health.
You are immune to rotting.


Message History

Aiming: Corrosive Bolt
Press: ? - help, Shift-Dir - straight line, f - orc warrior
Aim: an orc warrior, wielding a halberd and wearing a glowing chain mail The bolt of acid hits the orc warrior.
The orc warrior is splashed with acid.
The orc warrior is heavily wounded.
The bolt of acid misses the orc priest.
You block the orc warrior's attack.
The orc priest looks encouraged for a moment.
The orc priest calls upon Beogh to heal the orc warrior.
The orc warrior is healed somewhat.
The orc priest looks encouraged for a moment.
The orc priest calls down the wrath of Beogh upon you.
Beogh smites you!
* * * LOW HITPOINT WARNING * * *
A jelly comes into view.
The jelly quivers.
You block the orc warrior's attack.
Something tries to affect you, but you resist.
There is a stone staircase leading up here.
The orc warrior hits you from afar with a halberd!!
You die...

..+..................##.......##.
..#..............................
..#.......)......................
..#..............................
..#............##....##..........
..#...........J########.......##.
..#............o.....########## .
..#...................#
####............@.....#
..##..................#
......................#
).....................#
"..............##....##
...<........... #####
............... ...............
...)........


You could see an orc warrior and a jelly.

Vanquished Creatures
  A two-headed ogre (D:8)
  A yak (D:7)
  A human (D:7)
  Eustachio (D:5)
  3 hogs (D:7)
  A steam dragon (D:8)
  2 hungry ghosts (D:7)
  A water moccasin (D:6)
  2 ice beasts
  2 orc warriors
  A sky beast (D:7)
  2 ogres
  A necrophage (D:7)
  2 centaurs
  The ghost of Supreme the Digger, an amateur GrEE (D:3)
  A gnoll sergeant (D:7)
  2 bullfrogs (D:7)
  2 scorpions
  4 wights (D:7)
  A centaur zombie (D:3)
  A crimson imp (D:6)
  A quasit (D:7)
  4 orc priests
  A hound (D:4)
  7 orc wizards
  2 jellies
  2 iguanas
  5 worker ants
  A hound skeleton (D:5)
  8 gnolls
  4 adders
  3 shadow imps
  An ooze (D:1)
  An adder skeleton (D:4)
  An adder zombie (D:6)
  A worm (D:2)
  7 leopard geckos
  17 orcs
  8 giant cockroaches
  7 goblins
  13 hobgoblins
  9 jackals
  7 kobolds
  A quokka (D:2)
  10 bats
  5 frilled lizards
  2 quokka zombies
  7 rats
168 creatures vanquished.

Notes
Turn   | Place    | Note
-------+----------+-------------------------------------------
     0 | D:1      | Kairos the Vine Stalker Fighter began the quest for the Orb.
     0 | D:1      | Reached XP level 1. HP: 11/11 MP: 2/2
    99 | D:1      | Reached XP level 2. HP: 14/16 MP: 3/3
   566 | D:1      | Reached XP level 3. HP: 9/19 MP: 1/4
  1333 | D:2      | Gained mutation: Your natural rate of healing is unusually fast. [Vine Stalker growth]
  1333 | D:2      | Reached XP level 4. HP: 21/24 MP: 5/5
  2045 | D:3      | Reached XP level 5. HP: 10/28 MP: 3/6
  2562 | D:3      | Noticed Supreme's ghost (amateur GrEE)
  2583 | D:3      | Killed Supreme's ghost
  2583 | D:3      | Reached XP level 6. HP: 25/32 MP: 5/7
  2666 | D:3      | Found a bloodstained altar of Trog.
  3508 | D:4      | Reached XP level 7. HP: 29/36 MP: 8/8
  3598 | D:5      | Entered Level 5 of the Dungeon
  3604 | D:5      | Reached skill level 1 in Dodging
  3913 | D:5      | Noticed Eustachio
  3927 | D:5      | Killed Eustachio
  3957 | D:5      | Reached skill level 5 in Axes
  4053 | D:5      | Reached skill level 1 in Maces & Flails
  4053 | D:5      | Reached skill level 1 in Stealth
  4053 | D:5      | Gained mutation: You have razor-sharp teeth. [Vine Stalker growth]
  4053 | D:5      | Reached XP level 8. HP: 25/42 MP: 4/9
  4367 | D:6      | Found a staircase to the Ecumenical Temple.
  4373 | Temple   | Entered the Ecumenical Temple
  4446 | Temple   | Became a worshipper of Warmaster Okawaru
  4867 | D:6      | Found a deep blue altar of Sif Muna.
  5239 | D:6      | Found a shadowy altar of Dithmenos.
  5464 | D:7      | Reached * piety under Okawaru
  5471 | D:7      | Reached skill level 5 in Shields
  5526 | D:7      | Reached XP level 9. HP: 45/45 MP: 10/10
  5791 | D:7      | Reached skill level 5 in Armour
  5851 | D:7      | Reached skill level 5 in Fighting
  5868 | D:7      | Reached ** piety under Okawaru
  5930 | D:7      | Reached skill level 5 in Maces & Flails
  6108 | D:7      | Reached *** piety under Okawaru
  6108 | D:7      | Reached XP level 10. HP: 51/51 MP: 11/11
  6238 | D:8      | Found Yneryr's Armour Boutique.
  6349 | D:8      | Noticed a two-headed ogre
  6357 | D:8      | Killed a two-headed ogre
  6409 | D:8      | Found a glowing golden altar of the Shining One.
  6563 | D:8      | Found an opulent altar of Gozag.
  6594 | D:8      | Slain by an orc warrior

Skill      XL: |  1  2  3  4  5  6  7  8  9 10 |
---------------+-------------------------------+-----
Axes           | 2 3 4 5 6 |  6.8
Shields        | 3 4 5 6 |  6.4
Fighting       | 3 4 5 |  5.5
Armour         | 3 4 5 |  5.7
Dodging        | 1 2 3 |  3.0
Maces & Flails | 1 4 5 |  5.5
Stealth        | 1 |  1.7
Evocations     | |  0.2

Action                   |  1- 3 |  4- 6 |  7- 9 | 10-12 || total
-------------------------+-------+-------+-------+-------++-------
Melee: War axe           |   108 |   167 |    51 |    47 ||   373
       Bite              |    25 |    46 |    79 |    21 ||   171
       Whip              |       |     5 |    90 |       ||    95
       Morningstar       |       |       |   136 |       ||   136
Evoke: Wand              |       |       |       |     3 ||     3
  Use: Scroll            |       |       |     8 |       ||     8
  Eat: Chunk             |     2 |    13 |    13 |       ||    28
Armor: Scale mail        |    63 |    57 |   103 |    12 ||   235
Dodge: Dodged            |    51 |    68 |   121 |    15 ||   255
Block: Shield            |    55 |   117 |   134 |    26 ||   332
